 Dungeon Crawl Stone Soup version 0.24-a0-205-g1d96822 (webtiles) character file.

Game seed: 13638014000413592857

234 Ijustatesigmund the Cudgeler (level 6, -1/42 HPs)
             Began as an Octopode Fighter on Mar 28, 2019.
             Slain by a hippogriff (8 damage)
             ... on level 3 of the Dungeon.
             The game lasted 00:04:08 (2746 turns).

Ijustatesigmund the Cudgeler (Octopode Fighter)     Turns: 2746, Time: 00:04:09

Health: -1/42      AC:  1    Str: 15    XL:     6   Next: 5%
Magic:  6/6        EV: 12    Int: 10    God:
Gold:   114        SH: 10    Dex: 14    Spells: 5/5 levels left

rFire    . . .     SeeInvis .   a - +0 flail
rCold    . . .     Gourm    .   b - +1 shield
rNeg     . . .     Faith    .   (helmet restricted)
rPois    .         Spirit   .   (no amulet)
rElec    .         Reflect  .   h - ring of attention (curse)
rCorr    .         Harm     .   (no ring)
MR       .....                  (no ring)
Stlth    +.........             (no ring)
HPRegen  0.14/turn              (no ring)
MPRegen  0.10/turn              (no ring)
                                (no ring)
                                (no ring)

@: no status effects
A: almost no armour, stealthy swim, amphibious, 8 rings, constrict 8, camouflage
1, gelatinous body 1
a: no special abilities


You were on level 3 of the Dungeon.
You were hungry.

You visited 1 branch of the dungeon, and saw 3 of its levels.

You collected 114 gold pieces.

Inventory:

Hand Weapons
 a - a +0 flail (weapon)
Armour
 b - a +1 shield (worn)
Jewellery
 h - a cursed ring of attention (left tentacle)
Scrolls
 f - a scroll of teleportation
 l - 2 scrolls of identify
Potions
 e - a potion of flight
 j - a potion of lignification
Comestibles
 d - 6 rations


   Skills:
 + Level 3.0 Fighting
 + Level 5.1 Maces & Flails
 - Level 3.0 Dodging
 + Level 4.4 Shields


You had 5 spell levels left.
You didn't know any spells.
Your spell library was empty.

Dungeon Overview and Level Annotations

Branches:
Dungeon (3/15)

Altars:
Okawaru


Innate Abilities, Weirdness & Mutations

You cannot wear most types of armour.
You are very stealthy in the water. (Stealth+)
You are amphibious.
You can wear up to eight rings at the same time.
You can use your tentacles to constrict eight enemies at once.
Your skin changes colour to match your surroundings (Stealth+).
Your rubbery body absorbs attacks. (AC +1, EV +1)


Message History

No target in view!
You now have 114 gold pieces (gained 12).
The hippogriff is too close now for your liking.
The hippogriff screeches!
The hippogriff barely misses you. The hippogriff completely misses you.
You block the hippogriff's attack.
You sock the hippogriff!
The hippogriff is lightly wounded.
The hippogriff barely misses you. The hippogriff pecks you.
You block the hippogriff's attack.
You hit the hippogriff. Your squeeze misses the hippogriff.
The hippogriff is moderately wounded.
The hippogriff bites you! The hippogriff barely misses you.
You block the hippogriff's attack. The hippogriff bites you!
The hippogriff pecks you!
* * * LOW HITPOINT WARNING * * *
The hippogriff closely misses you.
It was a potion of magic.
Magic courses through your body. You block the hippogriff's attack.
The hippogriff pecks you!
You die...

########## ##########
#........# #........#
#.######.#####.###.##.#########
#.# ####....##.##.............#
#.# #......................##.#
#.# #.##....##.#.#...♣...#.##.#
#.# #.##.#####..@...♣.♣....##.#
#.###.##.# ###H..♣.♣.♣....#.#
#........## #).♣.♣.♣.♣.....#
#####.....# #..♣.♣._.♣.♣.##.#
#...##.# #...♣.♣.♣.♣..##.#
#....#.# #... ♣.♣.♣....#.#
#......# #.....♣.♣.......#
##.....####...#...♣...#....###
##.......'...................


You could see a hippogriff.

Vanquished Creatures
  Sigmund (D:3)
  An adder (D:3)
  5 worms
  A dart slug (D:1)
  3 leopard geckos
  11 bats
  5 giant cockroaches
  5 goblins
  4 hobgoblins
  3 jackals (D:1)
  2 quokkas (D:2)
  3 ball pythons
  4 frilled lizards
  4 kobolds
  4 rats
56 creatures vanquished.

Notes
Turn   | Place    | Note
-------+----------+-------------------------------------------
     0 | D:1      | Ijustatesigmund the Octopode Fighter began the quest for
                  | the Orb.
     0 | D:1      | Reached XP level 1. HP: 16/16 MP: 1/1
    51 | D:1      | Reached XP level 2. HP: 14/21 MP: 2/2
   869 | D:1      | Reached skill level 3 in Maces & Flails
   869 | D:1      | Reached XP level 3. HP: 24/26 MP: 3/3
  1958 | D:2      | Reached XP level 4. HP: 23/31 MP: 4/4
  2236 | D:3      | Noticed Sigmund
  2253 | D:3      | Killed Sigmund
  2253 | D:3      | Reached skill level 5 in Maces & Flails
  2253 | D:3      | Reached XP level 5. HP: 15/36 MP: 5/5
  2317 | D:3      | Found an iron altar of Okawaru.
  2348 | D:3      | Noticed a hippogriff
  2597 | D:3      | Reached XP level 6. HP: 42/42 MP: 6/6
  2746 | D:3      | Slain by a hippogriff

Levels and vault maps discovered:
D:1:      eino_arrival_water_cross, layout_basic
D:2:      layout_rooms
D:3:      layout_loops_corners, okawaru_trees_2, uniq_sigmund

Skill      XL: |  1  2  3  4 |
---------------+-------------+-----
Maces & Flails | 3 5 |  5.1
Shields        | 4 |  4.4
Fighting       | |  3.0
Dodging        | |  3.0

Action                   |  1- 3 |  4- 6 || total
-------------------------+-------+-------++-------
Melee: Flail             |    83 |    22 ||   105
       Constrict         |    21 |     6 ||    27
       Tentacles         |    11 |     8 ||    19
  Use: Scroll            |     9 |     4 ||    13
       Potion            |       |     4 ||     4
 Stab: Sleeping          |     5 |     3 ||     8
  Eat: Chunk             |     3 |     2 ||     5
Armor: Skin              |     6 |     3 ||     9
Dodge: Dodged            |    29 |    24 ||    53
Block: Shield            |    26 |    23 ||    49

Table legend:
 A = Non-vault XP
 B = Vault XP
 C = Vault XP percentage of total XP
 D = Non-vault monster count
 E = Vault monster count
 F = Vault count percentage of total count
                 A         B        C        D         E       F
            +---------+---------+-------+---------+---------+-------
      Total |     123 |     212 |  63.3 |      55 |       1 |   1.8
            +---------+---------+-------+---------+---------+-------
        D:1 |      43 |       0 |   0.0 |      27 |       0 |   0.0
        D:2 |      40 |       0 |   0.0 |      17 |       0 |   0.0
        D:3 |      40 |     212 |  84.1 |      11 |       1 |   8.3
            +---------+---------+-------+---------+---------+-------
